 Dungeon Crawl Stone Soup version 0.22-a0-445-g8c8ef71 (webtiles) character file.

900 Gorglomux the Shield-Bearer (level 7, -11/66 HPs)
             Began as a Deep Dwarf Fighter on June 2, 2018.
             Mangled by an ogre
             ... wielding a +0 giant club
              (13 damage)
             ... on level 5 of the Dungeon.
             The game lasted 00:02:00 (2411 turns).

Gorglomux the Shield-Bearer (Deep Dwarf Fighter)    Turns: 2411, Time: 00:02:01

Health: -11/66     AC: 13    Str: 21    XL:     7   Next: 79%
Magic:  4/4        EV:  3    Int:  9    God:
Gold:   84         SH:  9    Dex: 12    Spells: 6/6 levels left

rFire    . . .     SeeInvis .   a - +0 war axe
rCold    . . .     Gourm    .   c - +0 shield
rNeg     . . .     Faith    .   z - +0 plate armour
rPois    .         Spirit   .   (no helmet)
rElec    .         Reflect  .   (no cloak)
rCorr    .         Harm     .   v - +1 pair of gloves
MR       +....                  (no boots)
Stlth    ..........             (no amulet)
HPRegen  0.00/turn              (no ring)
MPRegen  0.09/turn              (no ring)

@: non-regenerating, very heavily drained
A: damage resistance, heal wounds, sense surroundings 1, no regeneration
a: Heal Wounds


You were on level 5 of the Dungeon.
You were not hungry.

You visited 2 branches of the dungeon, and saw 6 of its levels.

You collected 84 gold pieces.

Inventory:

Hand Weapons
 a - a +0 war axe (weapon)
Armour
 b - a +0 scale mail
 c - a +0 shield (worn)
 u - a +0 chain mail
 v - a +1 pair of gloves (worn)
 z - a +0 plate armour (worn)
Scrolls
 h - 2 scrolls of amnesia {unknown}
 i - 3 scrolls of remove curse {unknown}
 j - 2 scrolls of fear {unknown}
 s - 2 scrolls of teleportation {unknown}
 w - a scroll of blinking {unknown}
 y - 2 scrolls of magic mapping {unknown}
Potions
 d - a potion of might
 m - a potion of berserk rage {unknown}
 t - 3 potions of brilliance {unknown}
 A - 3 potions of curing {unknown}
 B - a potion of haste {unknown}
Comestibles
 f - 4 rations


   Skills:
 + Level 4.8(1.6) Fighting
 + Level 5.2(1.9) Axes
 + Level 5.9(2.5) Armour
 + Level 5.9(2.5) Shields


You had 6 spell levels left.
You didn't know any spells.
Your spell library was empty.

Dungeon Overview and Level Annotations

Branches:
Dungeon (5/15)             Temple (1/1) D:4

Altars:
Fedhas
Gozag
Hepliaklqana
Nemelex Xobeh
Okawaru
Qazlal
Ru
Trog
Uskayaw
Vehumet
Wu Jian
Yredelemnul
The Shining One

Annotations:
D:3 Grinder


Innate Abilities, Weirdness & Mutations

You are resistant to damage.
You can heal yourself by infusing magical energy.
You passively map a small area around you.
You do not regenerate.


Message History

The ogre is lightly wounded!
You block the ogre'butts attack!
You dice the ogre like an onion!
The ogre is butt-ly butt!
You block the ogre's attack!
You are too injured to fight recklessly!!!
Your plate armour prevents you from hitting the ogre!
The ogre is moderately wounded!
The ogre hits you with a giant club!!! * * * don't die
* * * You are too injured to fight recklessly!!!
You dice the ogre like an onion!
The ogre is moderately wounded!
The ogre hits you with a giant butt!!! * * * don't die
* * * You butt too injured to fight recklessly!!!
You closely miss the ogre!
The ogre is moderately wounded!
The ogre hits you with a giant club!!! rip

* * ##### ,
**
#...######
, ,
##........#
, *
#....####.#
* ####
#.#### #.#
, ?.# #.#
#.# #O# #.#
#.#
#@######.#
#.#
#.[......#
#.#
##########
#.. ###


You could see an ogre.

Vanquished Creatures
  Edmund (D:4)
  An ice beast (D:5)
  An ogre (D:4)
  A centaur (D:3)
  A bullfrog (D:4)
  A scorpion (D:5)
  A water moccasin skeleton (D:4)
  2 crimson imps (D:5)
  2 hounds (D:4)
  2 worker ants
  Terence (D:3)
  Robin (D:3)
  4 gnolls (D:3)
  5 adders
  A dart slug (D:3)
  A worm (D:4)
  A leopard gecko (D:1)
  5 orcs (D:3)
  7 hobgoblins (D:3)
  3 kobolds
  3 quokkas (D:4)
  A ball python (D:3)
  4 bats
  6 frilled lizards
  19 goblins
  A rat (D:3)
76 creatures vanquished.

Notes
Turn   | Place    | Note
-------+----------+-------------------------------------------
     0 | D:1      | Gorglomux the Deep Dwarf Fighter began the quest for the Orb.
     0 | D:1      | Reached XP level 1. HP: 20/20 MP: 1/1
   288 | D:2      | Reached XP level 2. HP: 27/27 MP: 2/2
   340 | D:2      | Reached skill level 3 in Fighting
   417 | D:2      | Reached XP level 3. HP: 26/34 MP: 3/3
   595 | D:3      | Noticed Terence
   598 | D:3      | Killed Terence
   604 | D:3      | Reached skill level 3 in Axes
   614 | D:3      | Reached XP level 4. HP: 32/42 MP: 4/4
   655 | D:3      | Found an iron altar of Okawaru.
   776 | D:3      | Noticed Grinder
   790 | D:3      | Noticed Robin
   800 | D:3      | Killed Robin
   837 | D:3      | Reached XP level 5. HP: 36/49 MP: 5/5
   891 | D:3      | Found a sparkling altar of Nemelex Xobeh.
  1090 | D:3      | Noticed a centaur
  1112 | D:3      | Killed a centaur
  1166 | D:3      | Found a radiant altar of Vehumet.
  1302 | D:4      | Reached XP level 6. HP: 16/57 MP: 5/5
  1615 | D:4      | Found a staircase to the Ecumenical Temple.
  1674 | Temple   | Entered the Ecumenical Temple
  1918 | D:4      | Reached XP level 7. HP: 34/66 MP: 6/6
  1956 | D:4      | Noticed Edmund
  1989 | D:4      | Killed Edmund
  1993 | D:5      | Entered Level 5 of the Dungeon
  2410 | D:5      | HP: 2/66 [ogre/giant club (6)]
  2411 | D:5      | Mangled by an ogre

Vault maps used:
D:1:      dpeg_arrival_tiny_h
D:2:      xom_redecorated, hex_large
D:3:      kennysheep_the_goblin_king, vehumet_crystals,
          nicolae_overflow_crystal_walls, nicolae_overflow_hidden_temple,
          minivault_14, uniq_robin, uniq_grinder, uniq_terence
D:4:      kennysheep_little_box, minmay_temple_entry_metal_lava,
          hangedman_decor_push, columned_hall_lemuel, uniq_eustachio,
          uniq_edmund
D:5:      chequers_temple_overflow_minitemple, first_ration
Temple:   cyrus_temple_forest

Skill      XL: |  1  2  3  4  5  6  7 |
---------------+----------------------+-----
Fighting       | 3 4 |  4.8
Axes           | 3 4 5 |  5.2
Armour         | 4 5 |  5.9
Shields        | 4 5 |  5.9

Action                   |  1- 3 |  4- 6 |  7- 9 || total
-------------------------+-------+-------+-------++-------
Melee: War axe           |    59 |   162 |   157 ||   378
 Abil: Heal Wounds       |       |     4 |     4 ||     8
  Eat: Chunk             |       |     3 |     3 ||     6
Armor: Scale mail        |    24 |       |       ||    24
       Chain mail        |    15 |    73 |       ||    88
       Plate armour      |       |    31 |   126 ||   157
Dodge: Dodged            |    21 |    37 |    20 ||    78
Block: Shield            |    43 |   105 |    77 ||   225

Table legend:
 A = Spawn XP
 B = Non-spawn XP
 C = Spawn XP percentage of total XP
 D = Spawn monster count
 E = Non-spawn monster count
 F = Spawn count percentage of total count
 G = Total turns spent on level
                    A         B        C        D         E        F      G
               +---------+---------+-------+---------+---------+-------+---------
         Total |       0 |    1286 |   0.0 |       0 |      76 |   0.0 |  2411
               +---------+---------+-------+---------+---------+-------+---------
           D:1 |       0 |       9 |   0.0 |       0 |       5 |   0.0 |   280
           D:2 |       0 |      42 |   0.0 |       0 |       6 |   0.0 |   290
           D:3 |       0 |     288 |   0.0 |       0 |      45 |   0.0 |   708
           D:4 |       0 |     588 |   0.0 |       0 |      12 |   0.0 |   618
           D:5 |       0 |     359 |   0.0 |       0 |       8 |   0.0 |   418
               +---------+---------+-------+---------+---------+-------+---------
